 Dungeon Crawl Stone Soup version 0.26-a0-1181-gd376ed14c5 (webtiles) character file.

Game seed: 16535591184540862210

153 Azzok the Chopper (level 5, 46/63 HPs)
             Began as a Demonspawn Berserker on Dec 26, 2020.
             Was a Believer of Trog.
             Quit the game on level 3 of the Dungeon.
             The game lasted 00:04:22 (2738 turns).

Azzok the Chopper (Demonspawn Berserker)            Turns: 2738, Time: 00:04:22

Health: 46/63      AC: 10    Str: 19    XL:     5   Next: 12%
Magic:  5/5        EV:  8    Int:  8    God:    Trog [**....]
Gold:   97         SH:  0    Dex: 18    Spells: 4/4 levels left

rFire    . . .     SeeInvis .   m - +1 dagger (venom)
rCold    + . .     Faith    .   (no shield)
rNeg     . . .     Spirit   .   f - +0 chain mail
rPois    .         Reflect  .   (helmet restricted)
rElec    .         Harm     .   (no cloak)
rCorr    .         Rampage  .   r - +0 pair of gloves
Will     .....                  (no boots)
Stlth    ..........             (no amulet)
HPRegen  0.20/turn              i - +6 ring of dexterity
MPRegen  0.09/turn              e - ring of protection from cold

@: berserking (expiring), very quick
A: antennae 1, demonic guardian 1, powered by pain 1
a: Renounce Religion, Berserk, Trog's Hand


You were on level 3 of the Dungeon.
You worshipped Trog.
Trog was pleased with you.
You visited 1 branch of the dungeon, and saw 3 of its levels.

You collected 97 gold pieces.

Inventory:

Hand Weapons
 a - a +1 hand axe
 m - a +1 dagger of venom (weapon)
 p - a cursed -3 mace
Armour
 f - a +0 chain mail (worn)
 r - a +0 pair of gloves (worn)
Jewellery
 c - an uncursed ring of protection from fire
 e - a ring of protection from cold (right hand)
 i - a +6 ring of dexterity (left hand)
Scrolls
 g - a scroll of immolation
 q - a scroll of remove curse
Potions
 d - 3 potions of curing
 h - 2 potions of might {unknown}
 n - 2 potions of flight {unknown}


   Skills:
 + Level 3.7 Fighting
 * Level 3.9 Axes
 + Level 2.6 Armour
 + Level 2.6 Dodging


You had 4 spell levels left.
You didn't know any spells.
Your spell library was empty.

Dungeon Overview and Level Annotations

Branches:
Dungeon (3/15)

Altars:
Cheibriados
Elyvilon
Makhleb

Annotations:
D:3 4 runed translucent doors, askman's ghost, amateur DsFi


Innate Abilities, Weirdness & Mutations

You have a pair of small antennae on your head.
A weak demonic guardian rushes to your aid.
You sometimes gain a little power by taking damage.


Message History

Trog accepts your kill.
Trog appreciates your killing of a magic user.
Reactivating autopickup.
You feel a bit more experienced. The orc hits you but does no damage.
You have reached level 5!
Your demonic ancestry asserts itself...
You feel the presence of a demonic guardian.
You puncture the orc!
You kill the orc!
Trog accepts your kill. The orc hits you but does no damage.
The orc hits you but does no damage.
Found 15 stones.
Items here: )) [[ ††.
You completely miss the orc. The orc hits you with a +0 whip.
You puncture the orc!
You kill the orc!
Trog accepts your kill. The orc hits you but does no damage.
Are you sure you want to abandon this character and quit the game? (Confirm with "yes".)

·▒▒▒▒▒·····▒ ▒·▒
·▒▒▒▒▒·····▒▒▒▒▒·▒
········†········▒
·················▒
·················▒
▒▒···············▒
▒···············▒
▒··············o·▒
▒··········▒▒▒▒▒@▒
··▒·······▒▒ ▒)▒
·▒▒▒·····▒▒ ··▒
▒▒▒▒▒▒▒ ···▒ ▒···▒
····▒ ▒▒···▒ ▒·(·▒


You could see an orc.

Vanquished Creatures
  An orc wizard (D:3)
  3 adders
  A gnoll (D:1)
  An ooze (D:2)
  A worm (D:3)
  4 dart slugs
  2 leopard geckos
  3 orcs (D:3)
  9 bats
  7 giant cockroaches
  11 goblins
  10 hobgoblins
  4 kobolds
  A quokka (D:3)
  A ball python (D:3)
  4 frilled lizards
  6 rats
69 creatures vanquished.

Notes
Turn   | Place    | Note
-------+----------+-------------------------------------------
     0 | D:1      | Azzok the Demonspawn Berserker began the quest for the Orb.
     0 | D:1      | Reached XP level 1. HP: 18/18 MP: 1/1
   171 | D:1      | Gained mutation: You have a pair of small antennae on your
                  | head. [demonic ancestry]
   171 | D:1      | Reached XP level 2. HP: 24/24 MP: 2/2
   580 | D:1      | Gained mutation: You sometimes gain a little power by
                  | taking damage. [demonic ancestry]
   580 | D:1      | Reached XP level 3. HP: 22/29 MP: 3/3
  1092 | D:1      | Reached ** piety under Trog
  1738 | D:2      | Reached XP level 4. HP: 35/35 MP: 4/4
  2150 | D:2      | Found a snail-covered altar of Cheibriados.
  2479 | D:3      | Found a white marble altar of Elyvilon.
  2480 | D:3      | Found a runed translucent door.
  2480 | D:3      | Noticed an angel
  2560 | D:3      | Found a runed translucent gate.
  2576 | D:3      | Found a runed translucent gate.
  2576 | D:3      | Found a runed translucent gate.
  2578 | D:3      | Noticed askman's ghost (amateur DsFi)
  2619 | D:3      | Found a burning altar of Makhleb.
  2734 | D:3      | Gained mutation: A weak demonic guardian rushes to your
                  | aid. [demonic ancestry]
  2734 | D:3      | Reached XP level 5. HP: 42/42 MP: 5/5
  2738 | D:3      | Quit the game

Illustrated notes

Levels and vault maps discovered:
D:1:      mrwooster_arrival_arrow, layout_loops_ring, minmay_quantized
D:2:      layout_loops_cross, general_overflow_altar
D:3:      layout_rooms, nicolae_overflow_crystal_walls,
          grunt_temple_overflow_diamond, ebering_ghost_rock_garden,
          grunt_ministairs_14, lemuel_angel_altar

Skill      XL: |  1  2 |
---------------+-------+-----
Dodging        | 2 |  2.6
Axes           | 3 |  3.9
Armour         | 2 |  2.6
Fighting       | |  3.7

Action                   |  1- 3 |  4- 6 || total
-------------------------+-------+-------++-------
Melee: Hand axe          |   138 |    10 ||   148
       Dagger            |       |    84 ||    84
Invok: Berserk           |     2 |     1 ||     3
  Use: Scroll            |       |     6 ||     6
 Stab: Sleeping          |     2 |       ||     2
Armor: Animal skin       |    13 |       ||    13
       Chain mail        |    38 |    64 ||   102
       Leather armour    |     3 |       ||     3
Dodge: Dodged            |    92 |    48 ||   140

Table legend: (Time is in decaauts)
 A = Elapsed time spent in this place.
 B = Non-inter-level travel time spent in this place.
 C = Inter-level travel time spent in this place.
 D = Time resting spent in this place.
 E = Time spent auto-exploring this place.
 F = Levels seen in this place.
 G = Mean time per level.
                   A        B        C        D        E       F      G
               +--------+--------+--------+--------+--------+-----+--------+
         Total |   2770 |   2675 |     95 |    243 |   1783 |   3 |  923.3 |
       Dungeon |   2770 |   2675 |     95 |    243 |   1783 |   3 |  923.3 |
               +--------+--------+--------+--------+--------+-----+--------+

Top non-repeatable levels by time:
     D:1: 1481 daAuts
     D:2: 942 daAuts
     D:3: 346 daAuts
